AoeStats
← Infadel

Arabia

509490774Analyzed
1v1 RM · 5d ago on Sep 27, 2026· 19m 33s· 2 players
Game mode
Random Map
Map size
Tiny (2 player)
Population
200
Speed
Normal
Resources
Standard
Victory
Conquest
Starting age
Dark Age
Ending age
Imperial Age
RankedLock teamsTeams togetherTeam positionsShared explorationLock speedFull tech treeHidden civsTurbo modeCheats
Victory
Defeat
🇦🇷 Varangians · Argentina
1051
+18
🇮🇳 Saracens · India
1087
-18
Infadel
9:28 Feudal Age
8:05 Loom
18:04 Double-Bit Axe
18:03 Horse Collar
21:15 Castle Age
| ArCas | MaxiBosch
5:02 Loom
8:59 Feudal Age
10:44 Wheelbarrow
10:00 Double-Bit Axe
16:05 Bloodlines
Connection lost

Rejoining the realm…

Still unreachable

The connection could not be restored.

Session expired

The server has moved on; the page needs a fresh start.